 Dungeon Crawl Stone Soup version 0.28.0-43-g3370ac3207 (webtiles) character file.

Game seed: 14286227636372748327

35 terff the Covered (level 3, -3/33 HPs)
             Began as a Minotaur Fighter on Apr 1, 2022.
             Killed from afar by Ijyb (16 damage)
             ... with a puff of flame
             ... on level 3 of the Dungeon.
             The game lasted 00:02:04 (1733 turns).

terff the Covered (Minotaur Fighter)                Turns: 1733, Time: 00:02:04

Health: -3/33      AC:  7    Str: 20    XL:     3   Next: 16%
Magic:  2/2        EV:  9    Int:  5    God:
Gold:   67         SH:  4    Dex: 11    Spells: 2/2 levels left

rFire   x . .      SeeInvis .   a - +1 war axe
rCold   + . .      Faith    .   c - +0 buckler
rNeg    . . .      Spirit   .   b - +0 scale mail
rPois   .          Reflect  .   (helmet restricted)
rElec   .          Harm     .   (no cloak)
rCorr   .          Rampage  .   (no gloves)
Will    .....                   (no boots)
Stlth   ..........              (no amulet)
HPRegen 0.11/turn               j - ring of ice
MPRegen 0.08/turn               (no ring)

@: no status effects
A: horns 2, retaliatory headbutt
a: no special abilities


You were on level 3 of the Dungeon.
You visited 1 branch of the dungeon, and saw 3 of its levels.

You collected 67 gold pieces.

Inventory:

Hand Weapons
 a - a +1 war axe (weapon)
Armour
 b - a +0 scale mail (worn)
 c - a +0 buckler (worn)
 i - a +0 pair of boots
Jewellery
 j - a ring of ice (left hand)
Potions
 d - 2 potions of might
 e - 4 potions of curing {unknown}
 f - a potion of lignification {unknown}
 h - a potion of flight {unknown}


   Skills:
 + Level 4.2 Fighting
 + Level 2.8 Axes
 + Level 4.2 Armour
 + Level 0.1 Dodging
 + Level 3.9 Shields


You had 2 spell levels left.
You didn't know any spells.
Your spell library contained the following spells:

 Spells                   Type           Power      Damage    Failure   Level
 Sandblast                Erth           0%         2d4       88%         1
 Passwall                 Tmut/Erth      0%         N/A       96%         2
 Confusing Touch          Hex            0%         N/A       99%         3
 Stone Arrow              Conj/Erth      0%         3d7       99%         3
 Yara's Violent Unravell  Hex/Tmut       0%         3d3       100%        5
 Enfeeble                 Hex            0%         N/A       100%        7


Dungeon Overview and Level Annotations

Branches:
Dungeon (3/15)

Altars:
Cheibriados

Annotations:
D:3 Ijyb


Innate Abilities, Weirdness & Mutations

You have a pair of horns on your head.
You reflexively headbutt those who attack you in melee.


Message History

There is an open door here.
A giant cockroach comes into view.
A giant cockroach is nearby!
A worm and Ijyb come into view.
Ijyb is wielding a +0 club, wearing a +0 scale mail of cold resistance and carrying a wand of flame (13).
Found a snail-covered altar of Cheibriados.
Ijyb shouts!
Ijyb zaps a wand.
The puff of flame hits you. You block the giant cockroach's attack.
Ijyb zaps a wand.
The puff of flame hits you. The fire burns you terribly!
The giant cockroach bites you.
You hit the giant cockroach.
The giant cockroach is heavily wounded.
The giant cockroach barely misses you.
The giant cockroach bites you but does no damage. x2
Ijyb hits you but does no damage.
You closely miss Ijyb. You closely miss the giant cockroach.
Ijyb barely misses you. The giant cockroach closely misses you.
Ijyb barely misses you.
You hit Ijyb. You headbutt Ijyb, but do no damage.
Ijyb is lightly wounded.
You closely miss the giant cockroach.
The giant cockroach bites you but does no damage. x2
Ijyb zaps a wand.
The puff of flame hits you! The fire burns you terribly!
You hit Ijyb.
Ijyb is lightly wounded.
You slash the giant cockroach!
You kill the giant cockroach!
Ijyb hits you but does no damage.
Ijyb screams, "Get away!"
Ijyb hits you with a +0 club.
You slash Ijyb! Your headbutt misses Ijyb.
Ijyb is heavily wounded.
You hit the worm but do no damage. The worm bites you but does no damage.
You block Ijyb's attack.
You closely miss Ijyb. Your headbutt misses Ijyb.
Ijyb is heavily wounded.
You hit the worm.
Ijyb zaps a wand.
The puff of flame hits you! The fire burns you terribly!
You die...

... ######### # ....
#.......# #
....#########.# #
....... #####'#### #
.......##........##### #
._......#............# #
.....................###
......w†#####......(....
....###@# ###......###
... #g# #......# . #.#
#......# ..# #......#
### #......# ########


You could see Ijyb and a worm.

Vanquished Creatures
  A dart slug (D:2)
  2 ball pythons
  2 endoplasms
  2 giant cockroaches
  5 goblins
  2 hobgoblins
  6 kobolds
  2 quokkas
  3 bats
  4 rats
29 creatures vanquished.

Notes
Turn   | Place    | Note
-------+----------+-------------------------------------------
     0 | D:1      | terff the Minotaur Fighter began the quest for the Orb.
     0 | D:1      | Reached XP level 1. HP: 19/19 MP: 0/0
   230 | D:1      | Reached XP level 2. HP: 25/27 MP: 1/1
   830 | D:1      | Found a faded altar of an unknown god.
  1557 | D:2      | Reached XP level 3. HP: 33/33 MP: 2/2
  1724 | D:3      | Found a snail-covered altar of Cheibriados.
  1724 | D:3      | Noticed Ijyb
  1733 | D:3      | Killed from afar by Ijyb

Illustrated notes

Levels and vault maps discovered:
D:1:      lemuel_arrival_funnel, layout_loops_ring,
          dilly_ecumenical_altar_fadedgnrine
D:2:      layout_rooms, minmay_domino_4
D:3:      layout_basic, slow_altar_1, uniq_ijyb

Skill      XL: |  1  2 |
---------------+-------+-----
Fighting       | 4 |  4.2
Armour         | 4 |  4.2
Axes           | |  2.8
Dodging        | |  0.1
Shields        | |  3.9

Action                   || total
-------------------------++-------
Melee: War axe           ||    57
       Headbutt          ||    10
  Use: Scroll            ||     3
Armor: Scale mail        ||    40
Dodge: Dodged            ||    26
Block: Buckler           ||    10
